 Dungeon Crawl Stone Soup version 0.29.1-15-g9cfb28693d (webtiles) character file.

Game seed: 1978946854987544634

102 croobank the Sneak (level 4, -5/33 HPs)
             Began as an Octopode Delver on Mar 11, 2023.
             Slain by an orc wizard
             ... wielding a +0 spear
              (6 damage)
             ... on level 5 of the Dungeon.
             The game lasted 00:02:39 (569 turns).

croobank the Sneak (Octopode Delver)                 Turns: 569, Time: 00:02:40

Health: -5/33      AC:  1    Str: 11    XL:     4   Next: 77%
Magic:  4/4        EV: 13    Int: 14    God:
Gold:   29         SH:  0    Dex: 13    Spells: 3/3 levels left

rFire   . . .      SeeInvis .   a - +0 hand axe
rCold   . . .      Faith    .   (no shield)
rNeg    . . .      Spirit   .   (helmet restricted)
rPois   .          Reflect  .   (no amulet)
rElec   .          Harm     .   (no ring)
rCorr   .          Rampage  .   (no ring)
Will    .....                   (no ring)
Stlth   ++........              (no ring)
HPRegen 0.11/turn               (no ring)
MPRegen 0.09/turn               (no ring)
                                (no ring)
                                (no ring)

@: confused
A: almost no armour, amphibious, 8 rings, camouflage 1, gelatinous body 1,
(nimble swimmer 1), tentacles
a: no special abilities


You were on level 5 of the Dungeon.
You visited 1 branch of the dungeon, and saw 2 of its levels.

You collected 29 gold pieces.

Inventory:

Hand Weapons
 a - a +0 hand axe (weapon)
 g - a +0 war axe
Wands
 f - a wand of digging (3)
 i - a wand of flame (15)
Scrolls
 b - a scroll of fog
 c - a scroll of magic mapping
 d - a scroll of fear


   Skills:
 + Level 3.7 Fighting
 + Level 2.9 Axes
 + Level 2.9 Dodging
 + Level 7.3 Stealth


You had 3 spell levels left.
You didn't know any spells.
Your spell library was empty.

Dungeon Overview and Level Annotations

Branches:
Dungeon (6/15)
 Temple: D:4-7

Altars:

Shops:
D:6 [


Innate Abilities, Weirdness & Mutations

You cannot wear most types of armour.
You are amphibious.
You can wear up to eight rings at the same time.
Your skin changes colour to match your surroundings (Stealth+).
Your rubbery body absorbs attacks. (AC +1, EV +1)
((You are camouflaged when in or above water. (Stealth+)))
You have tentacles for arms and can constrict up to eight enemies at once.


Message History

It was a potion of curing.
You feel better.
You hear some strange, mumbled words.
A magic dart appears from out of thin air!
The magic dart hits you.
The orc wizard hits you from afar with a +0 spear.
It was a potion of heal wounds.
You feel much better. Something hits you but does no damage.
You barely miss something. Your squeeze misses something.
You hear some strange, mumbled words.
A magic dart appears from out of thin air!
The magic dart hits you!
The orc wizard gestures wildly while chanting.
The orc wizard flickers and vanishes!
The orc throws a stone.
The stone hits you.
You hear some strange, mumbled words.
A magic dart appears from out of thin air!
The magic dart hits you!
You closely miss something. You squeeze something. You hit the orc.
Your grab misses the orc. You squeeze the orc.
You kill the orc!
Something hits you.
* * * LOW HITPOINT WARNING * * *
You closely miss something. Your squeeze misses something.
Something hits you but does no damage.
You hear some strange, mumbled words.
You are confused.
You bump into the rock wall.
You hear some strange, mumbled words.
The orc barely misses you.
You are too confused!
You aren't carrying any potions.
You bump into the rock wall.
Something hits you.
* * * LOW HITPOINT WARNING * * *
The orc hits you with a +0 whip.
* * * LOW HITPOINT WARNING * * *
You're too confused to move!
Something hits you.
* * * LOW HITPOINT WARNING * * *
The orc barely misses you.
You're too confused to move!
Something hits you.
You die...

.#.#.#.#.#.#.#l#.#.#.#.#..
.#.#.#.#.#.#.#.#.#.#.#.#.
.#.#.#.#.#.#.#.#.#.#.#.#
.#l#.#.#.#.#.#.#.#.#.##
.#.#.#.#.#.#.#.#.#.#l. .
.#.#.#.#.#.#.#.#.#.##
#.#.#.#.#.#.#.#.#.#.#.#
#.#.######....#######.#
#...{)@# #............#
#....o.# ####.........#
#......######.......#..
#.............# #.#.#
#......######.#####.#.#
#......# #.#..[....#
#......# #.#.##.....
...###### #.......... ###
######.....


You could see an orc.

Vanquished Creatures
  A necrophage (D:5)
  A hound (D:5)
  An ufetubus (D:5)
  An orc (D:5)
4 creatures vanquished.

Notes
Turn   | Place    | Note
-------+----------+-------------------------------------------
     0 | D:5      | croobank the Octopode Delver began the quest for the Orb.
     0 | D:5      | Reached XP level 1. HP: 16/16 MP: 1/1
     1 | D:6      | Noticed a hound
     1 | D:6      | Noticed an electric eel
     1 | D:6      | Found Cexo's Armour Boutique.
    56 | D:5      | Noticed a necrophage
    63 | D:5      | Killed a necrophage
    64 | D:5      | Reached skill level 7 in Stealth
    64 | D:5      | Reached XP level 2. HP: 4/21 MP: 2/2
    64 | D:5      | Reached XP level 3. HP: 5/26 MP: 3/3
    64 | D:5      | Reached XP level 4. HP: 6/31 MP: 4/4
   167 | D:5      | Noticed an ogre
   358 | D:5      | Noticed a black bear
   568 | D:5      | HP: 1/33 [something (2)]
   569 | D:5      | Slain by an orc wizard

Illustrated notes

Levels and vault maps discovered:
D:5:      layout_basic
D:6:      layout_gridville, nicolae_overflow_hidden_temple, serial_shops,
          nicolae_inconvenience_store, uniq_grinder

Skill      XL: |  1 |
---------------+----+-----
Stealth        | 7 |  7.3
Fighting       | |  3.7
Axes           | |  2.9
Dodging        | |  2.9

Action                   |  1- 3 |  4- 6 || total
-------------------------+-------+-------++-------
Melee: Hand axe          |     4 |    13 ||    17
       Tentacles         |     2 |     3 ||     5
       Constrict         |     1 |     1 ||     2
Evoke: Wand              |     2 |       ||     2
  Use: Potion            |     1 |     2 ||     3
 Stab: Sleeping          |     1 |       ||     1
Armor: Skin              |       |     3 ||     3
Dodge: Dodged            |       |     8 ||     8
